Influenza vs Rafales
(R1)
Created - March 28, 2021 at 20:07
Goals
|
| Influenza |
0 |
1 |
0 |
1 |
| Rafales |
4 |
1 |
1 |
6 |
|
Shots
|
| Influenza |
7 |
10 |
11 |
28 |
| Rafales |
15 |
11 |
13 |
39 |
|
1st period
1. Rafales , Andrew Shaw 28 (James Sheppard 35, Jayson Megna 28) at 5:04
2. Rafales , Andrew Shaw 29 (James Sheppard 36, Jayson Megna 29) at 7:24
3. Rafales , Brian Ferlin 42 (Garret Ross 35, Joe Labate 19) at 10:48 (PP)
4. Rafales , Brian Ferlin 43 (Garret Ross 36, Cade Fairchild 20) at 18:52 (PP)
Penalties :
James Livingstone (Stf) for Hooking (Minor) at 0:56, Tim Schaller (VJB) for Cross-checking (Minor) at 9:38, Andrew Shaw (Stf) for Holding (Minor) at 13:55, Aleksi Saarela (VJB) for High sticking (Double Minor) at 16:44, Pavel Zacha (VJB) for Slashing (Minor) at 19:22
2nd period
5. Influenza , Haydn Fleury 3 (Colton Sissons 20, Ryan Dzingel 16) at 3:05
6. Rafales , Andrew Shaw 30 (James Livingstone 13, Ben Thomson 22) at 4:29
Penalties :
Ryan Bourque (Stf) for High sticking (Double Minor) at 5:34, Joe Labate (Stf) for Holding (Minor) at 11:42, Linden Vey (VJB) for Interference (Minor) at 14:51
3rd period
7. Rafales , James Sheppard 34 (Andrew Shaw 45, Jayson Megna 30) at 4:32
Penalties :
Jayson Megna (Stf) for Roughing (Minor) at 0:49, Ryan Dzingel (VJB) for High sticking (Minor) at 7:19, Tom Kuhnhackl (VJB) for Hooking (Minor) at 9:02, Julian Melchiori (Stf) for Tripping (Minor) at 9:08, Ryan Bourque (Stf) for Slashing (Minor) at 12:16, Shane Sims (VJB) for Interference (Minor) at 14:42
Goalie Stats
Al Montoya (VJB), 10 saves from 14 shots - (0.714), L, 17-8-1, 18:52 minutes
Malcolm Subban (VJB), 23 saves from 25 shots - (0.920), 41:08 minutes
Leland Irving (Stf), 27 saves from 28 shots - (0.964), W, 18-19-5, 60:00 minutes
Players Stats for Influenza
Player Name G A P +/- PIM S H SB GA TA FO MP PP MP PK MP
------------------------------------------------------------------------------------
Aleksi Saarela 0 0 0 0 4 0 0 0 0 0 0/2 5:38 0:00 0:00
Bo Horvat 0 0 0 -2 0 7 1 1 0 0 25/47 26:07 6:38 6:39
Brett Pesce 0 0 0 -1 0 0 0 0 0 0 0/0 9:24 0:00 0:00
Christian Fischer 0 0 0 0 0 0 2 0 0 0 0/0 6:17 0:38 0:00
Colton Sissons 0 1 1 1 0 0 3 0 0 1 1/6 12:41 5:51 0:24
Haydn Fleury 1 0 1 -1 0 1 0 4 0 1 0/0 19:56 5:58 4:14
Jeff Corbett 0 0 0 -1 0 0 0 0 1 0 0/0 10:56 0:00 1:32
JT Compher 0 0 0 -2 0 3 3 0 0 0 0/0 18:01 5:51 2:54
Justin Bailey 0 0 0 -2 0 1 1 0 0 0 0/0 14:17 5:51 0:00
Linden Vey 0 0 0 -2 2 1 0 1 0 0 1/2 21:48 7:25 2:13
Lucas Lessio 0 0 0 0 0 2 0 0 0 0 0/0 9:01 1:31 0:23
Neal Pionk 0 0 0 0 0 5 1 2 2 2 0/0 25:36 7:56 4:29
Pavel Zacha 0 0 0 -2 2 0 0 1 0 0 1/4 6:06 0:00 0:00
Ryan Dzingel 0 1 1 1 2 3 3 0 0 0 1/3 11:45 1:31 1:29
Shane Sims 0 0 0 -2 2 0 1 1 0 1 0/0 23:46 6:04 5:28
Tim Erixon 0 0 0 -1 0 0 3 2 0 0 0/0 30:25 8:02 6:45
Tim Schaller 0 0 0 -2 2 4 1 0 1 0 0/2 24:43 6:38 5:13
Tom Kuhnhackl 0 0 0 1 2 1 0 1 0 1 0/1 10:13 0:06 2:56
Players Stats for Rafales
Player Name G A P +/- PIM S H SB GA TA FO MP PP MP PK MP
------------------------------------------------------------------------------------
Alexander Yelesin 0 0 0 0 0 0 0 0 0 0 0/0 1:50 0:00 0:03
Andrew Shaw 3 1 4 4 2 10 1 0 0 0 8/12 23:15 5:27 5:42
Ben Johnson 0 0 0 0 0 0 0 0 0 0 0/0 1:22 0:05 0:12
Ben Thomson 0 1 1 0 0 0 0 0 1 0 0/0 7:18 0:00 0:00
Blake Speers 0 0 0 0 0 0 0 0 0 0 1/2 4:25 0:00 3:52
Borna Rendulic 0 0 0 0 0 0 0 0 0 0 0/0 4:54 0:05 0:00
Brad Ross 0 0 0 0 0 0 0 0 0 0 0/0 4:57 0:05 3:02
Brian Ferlin 2 0 2 -1 0 7 0 1 1 0 1/1 21:52 5:32 6:24
Cade Fairchild 0 1 1 2 0 1 1 0 0 0 0/0 22:30 4:42 5:57
Connor Murphy 0 0 0 1 0 2 3 1 2 1 0/0 29:14 6:22 7:58
David Broll 0 0 0 0 0 0 0 0 0 0 0/0 0:00 0:00 0:00
Dylan McIlrath 0 0 0 1 0 2 6 1 0 0 0/0 27:12 6:22 7:15
Gabriel Carlsson 0 0 0 0 0 0 0 0 0 1 0/0 8:47 0:00 0:50
Garret Ross 0 2 2 -1 0 3 0 0 0 0 0/0 14:08 5:32 0:00
James Livingstone 0 1 1 0 2 1 0 1 0 0 0/1 11:28 0:00 3:35
James Sheppard 1 2 3 4 0 7 1 0 1 1 1/2 21:17 5:27 4:27
Jayson Megna 0 3 3 4 2 1 2 0 0 0 20/33 16:19 5:27 0:00
Joe Labate 0 1 1 -1 2 1 1 0 1 0 3/7 14:10 5:32 0:00
Joey Laleggia 0 0 0 0 0 1 0 2 0 0 0/0 9:45 0:00 0:06
Julian Melchiori 0 0 0 2 2 3 1 0 0 0 0/0 21:28 4:41 5:51
Pavel Kraskovsky 0 0 0 0 0 0 0 0 0 0 2/4 4:35 0:00 0:00
Ryan Bourque 0 0 0 0 6 0 0 0 0 0 2/5 8:39 0:00 0:46
Tyrell Goulbourne 0 0 0 0 0 0 1 0 0 1 0/0 4:35 0:00 0:00
3 Stars
1 - Andrew Shaw (Stf)
2 - James Sheppard (Stf)
3 - Jayson Megna (Stf)
Power Play
Influenza - 0 on 8 Attempt(s) - 0.00%
Rafales - 2 on 8 Attempt(s) - 25.00%
Penalty Kill
Influenza - 6 on 8 Attempt(s) - 75.00%
- Score 0 goal in Penalty Kill
Rafales - 8 on 8 Attempt(s) - 100.00%
- Score 0 goal in Penalty Kill
Team Stat
Influenza - Hits : 19 - Faceoff Wins : 29 - Blocked Shots : 13 - Penalty Minutes : 16
Rafales - Hits : 17 - Faceoff Wins : 38 - Blocked Shots : 6 - Penalty Minutes : 16
Official
Referees : Unknown
Linesman : Unknown
Game Notes
Malcolm Subban enters game at 18:52 of 1st period
Andrew Shaw has scored a Hat Trick!
Pavel Zacha is injured at 0:32 of 3rd period (Bruised Left Foot)
Finance
Level 1 -- Attendance: 1340 (67.00%) -- Ticket Income $53,600
Level 2 -- Attendance: 699 (69.90%) -- Ticket Income $13,980
Total Attendance: 2039 (67.97%)
Total Ticket Income: $67,580
Other Income: $3,379
Total Income: $70,959
Influenza
5 vs 5 Forward
Center Left Wing Right Wing Time % Phy DF OF
1 Bo Horvat Tim Schaller Linden Vey 40 1 2 2
2 Pavel Zacha JT Compher Justin Bailey 30 1 2 2
3 Colton Sissons Ryan Dzingel Tom Kuhnhackl 20 1 2 2
4 Aleksi Saarela Lucas Lessio Christian Fischer 10 1 2 2
5 vs 5 Defense
Defense Defense Time % Phy DF OF
1 Tim Erixon Neal Pionk 40 1 2 2
2 Haydn Fleury Shane Sims 30 1 2 2
3 Brett Pesce Jeff Corbett 20 1 2 2
4 Tim Erixon Shane Sims 10 1 2 2
PowerPlay Forward
Center Left Wing Right Wing Time % Phy DF OF
1 Bo Horvat Tim Schaller Linden Vey 60 1 2 2
2 Colton Sissons JT Compher Justin Bailey 40 1 2 2
PowerPlay Defense
Defense Defense Time % Phy DF OF
1 Tim Erixon Neal Pionk 60 1 2 2
2 Haydn Fleury Shane Sims 40 1 2 2
Penalty Kill 4 Players Forward
Center Wing Time % Phy DF OF
1 Bo Horvat Tim Schaller 60 1 2 2
2 Linden Vey JT Compher 40 1 2 2
Penalty Kill 4 Players Defense
Defense Defense Time % Phy DF OF
1 Tim Erixon Shane Sims 60 1 2 2
2 Haydn Fleury Neal Pionk 40 1 2 2
Penalty Kill - 3 Players Forward
Forward Time % Phy DF OF
1 Bo Horvat 60 1 2 2
2 Tim Schaller 40 1 2 2
Penalty Kill - 3 Players Defense
Defense Defense Time % Phy DF OF
1 Tim Erixon Shane Sims 60 1 2 2
2 Haydn Fleury Neal Pionk 40 1 2 2
4 vs 4 Forward
Center Wing Time % Phy DF OF
1 Bo Horvat Tim Schaller 60 1 2 2
2 Linden Vey JT Compher 40 1 2 2
4 vs 4 Defense
Defense Defense Time % Phy DF OF
1 Tim Erixon Shane Sims 60 1 2 2
2 Haydn Fleury Neal Pionk 40 1 2 2
Last Minutes Offensive
Center Left Wing Right Wing Defense Defense
Bo Horvat Tim Schaller Linden Vey Tim Erixon Neal Pionk
Last Minutes Defensive
Center Left Wing Right Wing Defense Defense
Bo Horvat Tim Schaller Linden Vey Tim Erixon Haydn Fleury
Goaltenders
Starting : Al Montoya
Backup : Malcolm Subban
Extra Forwards
Normal : Ryan Dzingel, Lucas Lessio, Tom Kuhnhackl - PP : Ryan Dzingel, Lucas Lessio - PK : Tom Kuhnhackl
Extra Defensemen
Normal : Brett Pesce, Jeff Corbett, Haydn Fleury - PP : Brett Pesce - PK : Jeff Corbett, Haydn Fleury
Penalty Shots
Bo Horvat, Tim Schaller, Linden Vey, JT Compher, Ryan Dzingel
Scratches
Shane Prince (Healthy), Dennis Gilbert (Healthy), Henri Ikonen (Healthy), Johan Larsson (Healthy), Jakob Forsbacka-Karlsson (Healthy)
Zack MacEwen (Healthy), Radovan Bondra (Healthy), Simon Bourque (Healthy), Mitchell Moroz (Healthy), Dmitry Sinitsyn (Healthy)
Conner Bleackley (Healthy), Brycen Martin (Healthy), Jaden Lindo (Healthy), Charlie Lindgren (Healthy), Jamie Phillips (Healthy)
Rafales
5 vs 5 Forward
Center Left Wing Right Wing Time % Phy DF OF
1 Jayson Megna James Sheppard Andrew Shaw 40 1 2 2
2 Joe Labate Garret Ross Brian Ferlin 30 1 2 2
3 Ryan Bourque Ben Thomson James Livingstone 20 1 2 2
4 Pavel Kraskovsky Tyrell Goulbourne Borna Rendulic 10 1 2 2
5 vs 5 Defense
Defense Defense Time % Phy DF OF
1 Connor Murphy Dylan McIlrath 40 1 2 2
2 Julian Melchiori Cade Fairchild 30 1 2 2
3 Joey Laleggia Gabriel Carlsson 20 1 2 2
4 Alexander Yelesin Connor Murphy 10 1 2 2
PowerPlay Forward
Center Left Wing Right Wing Time % Phy DF OF
1 Jayson Megna James Sheppard Andrew Shaw 60 1 2 2
2 Joe Labate Garret Ross Brian Ferlin 40 1 2 2
PowerPlay Defense
Defense Defense Time % Phy DF OF
1 Connor Murphy Dylan McIlrath 60 1 2 2
2 Julian Melchiori Cade Fairchild 40 1 2 2
Penalty Kill 4 Players Forward
Center Wing Time % Phy DF OF
1 Andrew Shaw Brian Ferlin 60 1 2 2
2 James Sheppard James Livingstone 40 1 2 2
Penalty Kill 4 Players Defense
Defense Defense Time % Phy DF OF
1 Connor Murphy Dylan McIlrath 60 1 2 2
2 Julian Melchiori Cade Fairchild 40 1 2 2
Penalty Kill - 3 Players Forward
Forward Time % Phy DF OF
1 Andrew Shaw 60 1 2 2
2 Brian Ferlin 40 1 2 2
Penalty Kill - 3 Players Defense
Defense Defense Time % Phy DF OF
1 Connor Murphy Dylan McIlrath 60 1 2 2
2 Julian Melchiori Cade Fairchild 40 1 2 2
4 vs 4 Forward
Center Wing Time % Phy DF OF
1 Andrew Shaw Brian Ferlin 60 1 2 2
2 James Sheppard James Livingstone 40 1 2 2
4 vs 4 Defense
Defense Defense Time % Phy DF OF
1 Connor Murphy Dylan McIlrath 60 1 2 2
2 Julian Melchiori Cade Fairchild 40 1 2 2
Last Minutes Offensive
Center Left Wing Right Wing Defense Defense
Jayson Megna James Sheppard Andrew Shaw Connor Murphy Dylan McIlrath
Last Minutes Defensive
Center Left Wing Right Wing Defense Defense
Jayson Megna James Sheppard Andrew Shaw Connor Murphy Dylan McIlrath
Goaltenders
Starting : Leland Irving
Backup : Sean Maguire
Extra Forwards
Normal : Brad Ross, Ben Johnson, Blake Speers - PP : Brad Ross, Ben Johnson - PK : Blake Speers
Extra Defensemen
Normal : Joey Laleggia, Gabriel Carlsson, Alexander Yelesin - PP : Joey Laleggia - PK : Gabriel Carlsson, Alexander Yelesin
Penalty Shots
Andrew Shaw, Brian Ferlin, James Sheppard, James Livingstone, Garret Ross
Scratches
Slater Koekkoek (Healthy), Chris Driedger (Healthy)
% Time on Ice - Influenza
Lines # - Real PCT - Wanted PCT - Time Play
Normal Forward
1 - 37% - 40% - 12:12
2 - 27% - 30% - 8:57
3 - 19% - 20% - 6:15
4 - 17% - 10% - 5:39
Normal Defense
1 - 37% - 40% - 12:11
2 - 25% - 30% - 8:16
3 - 28% - 20% - 9:24
4 - 10% - 10% - 3:12
PP Forward
1 - 58% - 60% - 8:09
2 - 42% - 40% - 5:51
PP Defense
1 - 57% - 60% - 8:02
2 - 43% - 40% - 5:58
PK Forward
1 - 74% - 60% - 8:04
2 - 26% - 40% - 2:54
PK Defense
1 - 59% - 60% - 6:29
2 - 41% - 40% - 4:29
PK3 Forward
1 - 100% - 60% - 0:16
2 - 0% - 40% - 0:00
PK3 Defense
1 - 100% - 60% - 0:16
2 - 0% - 40% - 0:00
44 Forward
1 - 82% - 60% - 1:24
2 - 18% - 40% - 0:19
44 Defense
1 - 49% - 60% - 0:50
2 - 51% - 40% - 0:53
Last Minute Offensive - 0:00
Last Minute Defensive - 0:00
Total
Forward - 60:00
Defense - 60:00
|
% Time on Ice - Rafales
Lines # - Real PCT - Wanted PCT - Time Play
Normal Forward
1 - 38% - 40% - 12:34
2 - 26% - 30% - 8:36
3 - 22% - 20% - 7:18
4 - 14% - 10% - 4:35
Normal Defense
1 - 38% - 40% - 12:37
2 - 33% - 30% - 10:56
3 - 24% - 20% - 7:57
4 - 5% - 10% - 1:33
PP Forward
1 - 50% - 60% - 5:32
2 - 50% - 40% - 5:32
PP Defense
1 - 58% - 60% - 6:22
2 - 42% - 40% - 4:42
PK Forward
1 - 68% - 60% - 9:33
2 - 32% - 40% - 4:27
PK Defense
1 - 58% - 60% - 8:03
2 - 43% - 40% - 5:57
PK3 Forward
1 - 0% - 60%
2 - 0% - 40%
PK3 Defense
1 - 0% - 60%
2 - 0% - 40%
44 Forward
1 - 73% - 60% - 1:22
2 - 27% - 40% - 0:31
44 Defense
1 - 51% - 60% - 0:58
2 - 49% - 40% - 0:55
Last Minute Offensive - 0:00
Last Minute Defensive - 0:00
Total
Forward - 60:00
Defense - 60:00
|
Play-by-Play
1st period
0:01 of 1st period - Bo Horvat wins face-off versus Jayson Megna in neutral zone.
0:08 of 1st period - Wrist shot by Linden Vey.
0:08 of 1st period - Shot Misses the Net.
0:10 of 1st period - Wrist shot by Bo Horvat.
0:10 of 1st period - Stopped by Leland Irving without a rebound.
0:11 of 1st period - Pavel Zacha wins face-off versus Joe Labate in Rafales zone.
0:47 of 1st period - Backhand shot by Lucas Lessio.
0:47 of 1st period - Stopped by Leland Irving without a rebound.
0:48 of 1st period - Bo Horvat wins face-off versus James Livingstone in Rafales zone.
0:53 of 1st period - Slapshot by Bo Horvat.
0:53 of 1st period - Stopped by Leland Irving without a rebound.
0:54 of 1st period - Ryan Bourque wins face-off versus Bo Horvat in Rafales zone.
0:56 of 1st period - Minor Penalty to James Livingstone for Hooking.
0:57 of 1st period - Andrew Shaw wins face-off versus Bo Horvat in Rafales zone.
2:45 of 1st period - Cade Fairchild is hit by Colton Sissons and loses puck.
2:56 of 1st period - Penalty to James Livingstone is over, James Livingstone is back on ice.
4:04 of 1st period - Connor Murphy is hit by Colton Sissons.
4:46 of 1st period - Tim Schaller is hit by Tyrell Goulbourne and loses puck.
5:00 of 1st period - Icing by Bo Horvat.
5:01 of 1st period - Jayson Megna wins face-off versus Tim Schaller in Influenza zone.
5:04 of 1st period - Snap shot by Andrew Shaw.
5:04 of 1st period - Goal by Andrew Shaw - Influenza : 0 - Rafales : 1.
5:05 of 1st period - Bo Horvat wins face-off versus Jayson Megna in neutral zone.
5:30 of 1st period - Haydn Fleury is hit by Dylan McIlrath and loses puck.
6:31 of 1st period - James Livingstone is hit by Christian Fischer and loses puck.
7:11 of 1st period - Wrist shot by Bo Horvat.
7:11 of 1st period - Stopped by Leland Irving with a rebound.
7:13 of 1st period - Wrist shot by Linden Vey.
7:13 of 1st period - Deflect By Bo Horvat.
7:13 of 1st period - Shot Blocked by Brian Ferlin.
7:13 of 1st period - Puck is out of play.
7:14 of 1st period - Jayson Megna wins face-off versus Pavel Zacha in Rafales zone.
7:14 of 1st period - Jayson Megna is hit by JT Compher.
7:22 of 1st period - Snap shot by Andrew Shaw.
7:22 of 1st period - Stopped by Al Montoya with a rebound.
7:24 of 1st period - Wrist shot by Andrew Shaw.
7:24 of 1st period - Goal by Andrew Shaw - Influenza : 0 - Rafales : 2.
7:25 of 1st period - Bo Horvat wins face-off versus Andrew Shaw in neutral zone.
7:55 of 1st period - Snap shot by Garret Ross.
7:55 of 1st period - Stopped by Al Montoya with a rebound.
7:57 of 1st period - Wrist shot by Brian Ferlin.
7:57 of 1st period - Stopped by Al Montoya without a rebound.
7:58 of 1st period - Joe Labate wins face-off versus Pavel Zacha in Influenza zone.
8:07 of 1st period - Slapshot by Garret Ross.
8:07 of 1st period - Stopped by Al Montoya with a rebound.
8:09 of 1st period - Snap shot by Brian Ferlin.
8:09 of 1st period - Stopped by Al Montoya without a rebound.
8:10 of 1st period - Jayson Megna wins face-off versus Bo Horvat in Influenza zone.
8:25 of 1st period - Slapshot by Andrew Shaw.
8:25 of 1st period - Shot Blocked by Tim Erixon.
8:56 of 1st period - Colton Sissons is hit by Connor Murphy and loses puck.
9:07 of 1st period - Snap shot by Connor Murphy.
9:07 of 1st period - Shot Blocked by Haydn Fleury.
9:09 of 1st period - Slapshot by James Livingstone.
9:09 of 1st period - Stopped by Al Montoya without a rebound.
9:10 of 1st period - Bo Horvat wins face-off versus Andrew Shaw in Influenza zone.
9:10 of 1st period - Bo Horvat is hit by James Sheppard.
9:36 of 1st period - Slapshot by Ryan Bourque.
9:36 of 1st period - Shot Blocked by Neal Pionk.
9:38 of 1st period - Minor Penalty to Tim Schaller for Cross-checking.
9:39 of 1st period - Bo Horvat wins face-off versus James Sheppard in Influenza zone.
9:47 of 1st period - Shane Sims is hit by Dylan McIlrath and loses puck.
9:54 of 1st period - Backhand shot by Shane Sims.
9:54 of 1st period - Shot Blocked by Dylan McIlrath.
10:12 of 1st period - Icing by Brian Ferlin.
10:13 of 1st period - Bo Horvat wins face-off versus Joe Labate in Rafales zone.
10:14 of 1st period - Slapshot by Neal Pionk.
10:14 of 1st period - Deflect By Bo Horvat.
10:14 of 1st period - Stopped by Leland Irving with a rebound.
10:24 of 1st period - Slapshot by Brian Ferlin.
10:24 of 1st period - Shot Blocked by Bo Horvat.
10:26 of 1st period - Snap shot by Brian Ferlin.
10:26 of 1st period - Shot Blocked by Neal Pionk.
10:28 of 1st period - Backhand shot by Garret Ross.
10:28 of 1st period - Stopped by Al Montoya with a rebound.
10:30 of 1st period - Slapshot by Connor Murphy.
10:30 of 1st period - Stopped by Al Montoya with a rebound.
10:32 of 1st period - Slapshot by Dylan McIlrath.
10:32 of 1st period - Stopped by Al Montoya with a rebound.
10:48 of 1st period - Snap shot by Brian Ferlin.
10:48 of 1st period - Goal by Brian Ferlin - Influenza : 0 - Rafales : 3.
10:49 of 1st period - Jayson Megna wins face-off versus Pavel Zacha in neutral zone.
11:11 of 1st period - Icing by Joey Laleggia.
11:12 of 1st period - Joe Labate wins face-off versus Colton Sissons in Rafales zone.
12:42 of 1st period - Slapshot by James Sheppard.
12:42 of 1st period - Stopped by Al Montoya with a rebound.
13:33 of 1st period - Wrist shot by Garret Ross.
13:33 of 1st period - Deflect By Joe Labate.
13:33 of 1st period - Shot Misses the Net.
13:33 of 1st period - Puck is out of play.
13:34 of 1st period - Jayson Megna wins face-off versus Colton Sissons in Influenza zone.
13:55 of 1st period - Minor Penalty to Andrew Shaw for Holding.
13:56 of 1st period - Bo Horvat wins face-off versus Blake Speers in Rafales zone.
13:57 of 1st period - Snap shot by Tim Schaller.
13:57 of 1st period - Shot Misses the Net.
13:59 of 1st period - Wrist shot by Bo Horvat.
13:59 of 1st period - Shot Misses the Net.
14:01 of 1st period - Slapshot by Tim Erixon.
14:01 of 1st period - Deflect By Bo Horvat.
14:01 of 1st period - Stopped by Leland Irving without a rebound.
14:02 of 1st period - Brian Ferlin wins face-off versus Tim Schaller in Rafales zone.
14:17 of 1st period - Snap shot by Bo Horvat.
14:17 of 1st period - Deflect By Tim Schaller.
14:17 of 1st period - Shot Misses the Net.
14:17 of 1st period - Puck is out of play.
14:18 of 1st period - Blake Speers wins face-off versus Bo Horvat in Rafales zone.
15:55 of 1st period - Penalty to Andrew Shaw is over, Andrew Shaw is back on ice.
16:44 of 1st period - Double Minor Penalty to Aleksi Saarela for High sticking.
16:45 of 1st period - Bo Horvat wins face-off versus Jayson Megna in Influenza zone.
16:45 of 1st period - Bo Horvat is hit by Andrew Shaw.
17:12 of 1st period - Snap shot by Jayson Megna.
17:12 of 1st period - Shot Misses the Net.
17:42 of 1st period - Julian Melchiori is hit by JT Compher and loses puck.
18:11 of 1st period - Julian Melchiori is hit by Tim Erixon and loses puck.
18:32 of 1st period - Icing by Garret Ross.
18:33 of 1st period - Linden Vey wins face-off versus Joe Labate in Rafales zone.
18:46 of 1st period - Snap shot by JT Compher.
18:46 of 1st period - Stopped by Leland Irving with a rebound.
18:52 of 1st period - Snap shot by Brian Ferlin.
18:52 of 1st period - Goal by Brian Ferlin - Influenza : 0 - Rafales : 4.
18:52 of 1st period - Malcolm Subban enters game.
18:53 of 1st period - Jayson Megna wins face-off versus Bo Horvat in neutral zone.
19:22 of 1st period - Minor Penalty to Pavel Zacha for Slashing.
19:23 of 1st period - Jayson Megna wins face-off versus Bo Horvat in Influenza zone.
19:23 of 1st period - Snap shot by Andrew Shaw.
19:23 of 1st period - Shot Blocked by Tim Erixon.
19:25 of 1st period - Wrist shot by Dylan McIlrath.
19:25 of 1st period - Deflect By Bo Horvat.
19:25 of 1st period - Stopped by Malcolm Subban without a rebound.
19:26 of 1st period - Bo Horvat wins face-off versus Jayson Megna in Influenza zone.
19:26 of 1st period - Bo Horvat is hit by Dylan McIlrath.
19:56 of 1st period - Slapshot by Brian Ferlin.
19:56 of 1st period - Shot Blocked by Linden Vey.
Goals for this period are 0 for Influenza vs 4 for Rafales.
Shots for this period are 7 for Influenza vs 15 for Rafales.
2nd period
0:01 of 2nd period - Bo Horvat wins face-off versus Jayson Megna in neutral zone.
0:06 of 2nd period - Wrist shot by Bo Horvat.
0:06 of 2nd period - Shot Misses the Net.
0:12 of 2nd period - Tim Schaller is hit by Jayson Megna and loses puck.
0:37 of 2nd period - Slapshot by JT Compher.
0:37 of 2nd period - Stopped by Leland Irving with a rebound.
0:39 of 2nd period - Snap shot by JT Compher.
0:39 of 2nd period - Shot Misses the Net.
0:41 of 2nd period - Snap shot by JT Compher.
0:41 of 2nd period - Shot Misses the Net.
0:43 of 2nd period - Slapshot by JT Compher.
0:43 of 2nd period - Stopped by Leland Irving without a rebound.
0:44 of 2nd period - Jayson Megna wins face-off versus Bo Horvat in Rafales zone.
0:51 of 2nd period - Wrist shot by Andrew Shaw.
0:51 of 2nd period - Stopped by Malcolm Subban with a rebound.
0:53 of 2nd period - Slapshot by Julian Melchiori.
0:53 of 2nd period - Shot Blocked by Haydn Fleury.
0:55 of 2nd period - Slapshot by Julian Melchiori.
0:55 of 2nd period - Stopped by Malcolm Subban without a rebound.
0:56 of 2nd period - Bo Horvat wins face-off versus Jayson Megna in Influenza zone.
1:22 of 2nd period - Penalty to Pavel Zacha is over, Pavel Zacha is back on ice.
2:21 of 2nd period - Snap shot by James Livingstone.
2:21 of 2nd period - Shot Misses the Net.
2:23 of 2nd period - Backhand shot by Julian Melchiori.
2:23 of 2nd period - Stopped by Malcolm Subban with a rebound.
2:59 of 2nd period - Slapshot by Neal Pionk.
2:59 of 2nd period - Deflect By Ryan Dzingel.
2:59 of 2nd period - Stopped by Leland Irving with a rebound.
3:01 of 2nd period - Wrist shot by Ryan Dzingel.
3:01 of 2nd period - Shot Misses the Net.
3:03 of 2nd period - Snap shot by Colton Sissons.
3:03 of 2nd period - Shot Misses the Net.
3:05 of 2nd period - Slapshot by Haydn Fleury.
3:05 of 2nd period - Goal by Haydn Fleury - Influenza : 1 - Rafales : 4.
3:06 of 2nd period - Bo Horvat wins face-off versus Jayson Megna in neutral zone.
3:11 of 2nd period - Snap shot by Bo Horvat.
3:11 of 2nd period - Shot Misses the Net.
3:19 of 2nd period - Snap shot by James Sheppard.
3:19 of 2nd period - Stopped by Malcolm Subban with a rebound.
3:21 of 2nd period - Slapshot by Dylan McIlrath.
3:21 of 2nd period - Shot Hit the Post.
4:01 of 2nd period - Icing by Joey Laleggia.
4:02 of 2nd period - Bo Horvat wins face-off versus Ryan Bourque in Rafales zone.
4:05 of 2nd period - Snap shot by Bo Horvat.
4:05 of 2nd period - Shot Misses the Net.
4:27 of 2nd period - Slapshot by Andrew Shaw.
4:27 of 2nd period - Stopped by Malcolm Subban with a rebound.
4:29 of 2nd period - Slapshot by Andrew Shaw.
4:29 of 2nd period - Goal by Andrew Shaw - Influenza : 1 - Rafales : 5.
4:30 of 2nd period - James Sheppard wins face-off versus Bo Horvat in neutral zone.
5:08 of 2nd period - Wrist shot by Pavel Zacha.
5:08 of 2nd period - Shot Misses the Net.
5:34 of 2nd period - Double Minor Penalty to Ryan Bourque for High sticking.
5:35 of 2nd period - Andrew Shaw wins face-off versus Bo Horvat in Rafales zone.
5:50 of 2nd period - Snap shot by Brian Ferlin.
5:50 of 2nd period - Stopped by Malcolm Subban with a rebound.
6:02 of 2nd period - Brian Ferlin is hit by JT Compher and loses puck.
7:36 of 2nd period - Brad Ross is hit by Ryan Dzingel and loses puck.
7:47 of 2nd period - Slapshot by Lucas Lessio.
7:47 of 2nd period - Stopped by Leland Irving with a rebound.
7:49 of 2nd period - Slapshot by Neal Pionk.
7:49 of 2nd period - Stopped by Leland Irving without a rebound.
7:50 of 2nd period - Andrew Shaw wins face-off versus Bo Horvat in Rafales zone.
9:11 of 2nd period - James Livingstone is hit by Ryan Dzingel and loses puck.
9:34 of 2nd period - Penalty to Ryan Bourque is over, Ryan Bourque is back on ice.
9:47 of 2nd period - Wrist shot by Aleksi Saarela.
9:47 of 2nd period - Deflect By Lucas Lessio.
9:47 of 2nd period - Shot Misses the Net.
9:47 of 2nd period - Puck is out of play.
9:48 of 2nd period - Pavel Kraskovsky wins face-off versus Aleksi Saarela in Rafales zone.
10:35 of 2nd period - Justin Bailey is hit by Connor Murphy.
11:22 of 2nd period - Brian Ferlin is hit by Ryan Dzingel and loses puck.
11:42 of 2nd period - Minor Penalty to Joe Labate for Holding.
11:43 of 2nd period - Andrew Shaw wins face-off versus Bo Horvat in Rafales zone.
11:43 of 2nd period - Andrew Shaw is hit by Tim Schaller.
12:20 of 2nd period - Wrist shot by JT Compher.
12:20 of 2nd period - Deflect By Colton Sissons.
12:20 of 2nd period - Shot Misses the Net.
12:20 of 2nd period - Puck is out of play.
12:21 of 2nd period - Andrew Shaw wins face-off versus Colton Sissons in Rafales zone.
12:48 of 2nd period - Connor Murphy is hit by Tim Erixon and loses puck.
12:53 of 2nd period - Snap shot by Tim Schaller.
12:53 of 2nd period - Stopped by Leland Irving with a rebound.
12:55 of 2nd period - Wrist shot by Bo Horvat.
12:55 of 2nd period - Shot Blocked by James Livingstone.
13:42 of 2nd period - Penalty to Joe Labate is over, Joe Labate is back on ice.
13:44 of 2nd period - Icing by Tim Erixon.
13:45 of 2nd period - Pavel Kraskovsky wins face-off versus Colton Sissons in Influenza zone.
14:02 of 2nd period - Slapshot by Neal Pionk.
14:02 of 2nd period - Stopped by Leland Irving without a rebound.
14:03 of 2nd period - Jayson Megna wins face-off versus Bo Horvat in Rafales zone.
14:10 of 2nd period - Snap shot by James Sheppard.
14:10 of 2nd period - Stopped by Malcolm Subban without a rebound.
14:11 of 2nd period - Jayson Megna wins face-off versus Bo Horvat in Influenza zone.
14:14 of 2nd period - Snap shot by James Sheppard.
14:14 of 2nd period - Shot Blocked by Haydn Fleury.
14:16 of 2nd period - Slapshot by Cade Fairchild.
14:16 of 2nd period - Shot Misses the Net.
14:18 of 2nd period - Backhand shot by Jayson Megna.
14:18 of 2nd period - Shot Misses the Net.
14:20 of 2nd period - Snap shot by Andrew Shaw.
14:20 of 2nd period - Shot Misses the Net.
14:22 of 2nd period - Slapshot by Julian Melchiori.
14:22 of 2nd period - Shot Blocked by Shane Sims.
14:24 of 2nd period - Slapshot by James Sheppard.
14:24 of 2nd period - Shot Misses the Net.
14:26 of 2nd period - Snap shot by Andrew Shaw.
14:26 of 2nd period - Stopped by Malcolm Subban with a rebound.
14:42 of 2nd period - Slapshot by Brian Ferlin.
14:42 of 2nd period - Stopped by Malcolm Subban with a rebound.
14:44 of 2nd period - Slapshot by Joe Labate.
14:44 of 2nd period - Stopped by Malcolm Subban without a rebound.
14:45 of 2nd period - Jayson Megna wins face-off versus Bo Horvat in Influenza zone.
14:51 of 2nd period - Minor Penalty to Linden Vey for Interference.
14:52 of 2nd period - Bo Horvat wins face-off versus Jayson Megna in Influenza zone.
14:52 of 2nd period - Bo Horvat is hit by Jayson Megna.
16:51 of 2nd period - Penalty to Linden Vey is over, Linden Vey is back on ice.
16:52 of 2nd period - Dylan McIlrath is hit by Neal Pionk and loses puck.
18:51 of 2nd period - Snap shot by Tim Schaller.
18:51 of 2nd period - Shot Misses the Net.
19:03 of 2nd period - Jayson Megna is hit by Colton Sissons and loses puck.
19:18 of 2nd period - James Livingstone is hit by Christian Fischer and loses puck.
19:23 of 2nd period - Wrist shot by Aleksi Saarela.
19:23 of 2nd period - Shot Misses the Net.
19:25 of 2nd period - Snap shot by Jeff Corbett.
19:25 of 2nd period - Deflect By Christian Fischer.
19:25 of 2nd period - Shot Misses the Net.
19:25 of 2nd period - Puck is out of play.
19:26 of 2nd period - Bo Horvat wins face-off versus Pavel Kraskovsky in Rafales zone.
19:33 of 2nd period - Wrist shot by Tim Schaller.
19:33 of 2nd period - Stopped by Leland Irving without a rebound.
19:34 of 2nd period - Bo Horvat wins face-off versus Pavel Kraskovsky in Rafales zone.
19:43 of 2nd period - Snap shot by Tim Schaller.
19:43 of 2nd period - Shot Misses the Net.
19:45 of 2nd period - Snap shot by Tim Schaller.
19:45 of 2nd period - Stopped by Leland Irving without a rebound.
19:46 of 2nd period - Jayson Megna wins face-off versus Bo Horvat in Rafales zone.
Goals for this period are 1 for Influenza vs 1 for Rafales.
Shots for this period are 10 for Influenza vs 11 for Rafales.
3rd period
0:01 of 3rd period - Jayson Megna wins face-off versus Bo Horvat in neutral zone.
0:32 of 3rd period - Slapshot by Garret Ross.
0:32 of 3rd period - Shot Blocked by Pavel Zacha.
0:32 of 3rd period - Pavel Zacha from Influenza is injured at 0:32 of 3rd period (Bruised Left Foot).
0:33 of 3rd period - Bo Horvat wins face-off versus Jayson Megna in Influenza zone.
0:33 of 3rd period - Bo Horvat is hit by Connor Murphy.
0:38 of 3rd period - Icing by Neal Pionk.
0:39 of 3rd period - Bo Horvat wins face-off versus Jayson Megna in Influenza zone.
0:49 of 3rd period - Minor Penalty to Jayson Megna for Roughing.
0:50 of 3rd period - Andrew Shaw wins face-off versus Bo Horvat in Rafales zone.
0:55 of 3rd period - Snap shot by Linden Vey.
0:55 of 3rd period - Shot Misses the Net.
0:57 of 3rd period - Wrist shot by Linden Vey.
0:57 of 3rd period - Stopped by Leland Irving with a rebound.
1:45 of 3rd period - Tim Schaller is hit by Julian Melchiori and loses puck.
2:30 of 3rd period - Colton Sissons is hit by Dylan McIlrath and loses puck.
2:49 of 3rd period - Penalty to Jayson Megna is over, Jayson Megna is back on ice.
3:08 of 3rd period - Borna Rendulic is hit by Shane Sims and loses puck.
3:36 of 3rd period - Snap shot by Andrew Shaw.
3:36 of 3rd period - Stopped by Malcolm Subban with a rebound.
3:38 of 3rd period - Snap shot by Joey Laleggia.
3:38 of 3rd period - Deflect By James Sheppard.
3:38 of 3rd period - Stopped by Malcolm Subban without a rebound.
3:39 of 3rd period - Jayson Megna wins face-off versus Aleksi Saarela in Influenza zone.
3:50 of 3rd period - Snap shot by Tim Schaller.
3:50 of 3rd period - Shot Misses the Net.
3:52 of 3rd period - Wrist shot by Bo Horvat.
3:52 of 3rd period - Stopped by Leland Irving with a rebound.
3:54 of 3rd period - Snap shot by Linden Vey.
3:54 of 3rd period - Shot Misses the Net.
4:06 of 3rd period - Julian Melchiori is hit by Tim Erixon.
4:10 of 3rd period - Wrist shot by Jayson Megna.
4:10 of 3rd period - Stopped by Malcolm Subban without a rebound.
4:11 of 3rd period - Joe Labate wins face-off versus Ryan Dzingel in Influenza zone.
4:12 of 3rd period - Snap shot by Garret Ross.
4:12 of 3rd period - Shot Misses the Net.
4:24 of 3rd period - Slapshot by Brian Ferlin.
4:24 of 3rd period - Stopped by Malcolm Subban without a rebound.
4:25 of 3rd period - Jayson Megna wins face-off versus Bo Horvat in Influenza zone.
4:32 of 3rd period - Snap shot by James Sheppard.
4:32 of 3rd period - Goal by James Sheppard - Influenza : 1 - Rafales : 6.
4:33 of 3rd period - Bo Horvat wins face-off versus Jayson Megna in neutral zone.
4:42 of 3rd period - Snap shot by Tim Schaller.
4:42 of 3rd period - Stopped by Leland Irving without a rebound.
4:43 of 3rd period - Jayson Megna wins face-off versus Linden Vey in Rafales zone.
4:47 of 3rd period - Off-side.
4:48 of 3rd period - Bo Horvat wins face-off versus Jayson Megna in neutral zone.
6:42 of 3rd period - Slapshot by Neal Pionk.
6:42 of 3rd period - Deflect By James Sheppard.
6:42 of 3rd period - Stopped by Leland Irving with a rebound.
6:44 of 3rd period - Snap shot by Justin Bailey.
6:44 of 3rd period - Deflect By Andrew Shaw.
6:44 of 3rd period - Stopped by Leland Irving without a rebound.
6:45 of 3rd period - Bo Horvat wins face-off versus Jayson Megna in Rafales zone.
7:12 of 3rd period - Wrist shot by Andrew Shaw.
7:12 of 3rd period - Stopped by Malcolm Subban without a rebound.
7:13 of 3rd period - Ryan Bourque wins face-off versus Ryan Dzingel in Influenza zone.
7:19 of 3rd period - Minor Penalty to Ryan Dzingel for High sticking.
7:20 of 3rd period - Jayson Megna wins face-off versus Bo Horvat in Influenza zone.
7:28 of 3rd period - Snap shot by Andrew Shaw.
7:28 of 3rd period - Shot Misses the Net.
9:02 of 3rd period - Minor Penalty to Tom Kuhnhackl for Hooking.
9:03 of 3rd period - Bo Horvat wins face-off versus Joe Labate in Influenza zone.
9:08 of 3rd period - Minor Penalty to Julian Melchiori for Tripping.
9:09 of 3rd period - Bo Horvat wins face-off versus Andrew Shaw in Rafales zone.
9:19 of 3rd period - Penalty to Ryan Dzingel is over, Ryan Dzingel is back on ice.
9:20 of 3rd period - Wrist shot by Ryan Dzingel.
9:20 of 3rd period - Shot Misses the Net.
9:58 of 3rd period - Snap shot by James Livingstone.
9:58 of 3rd period - Shot Blocked by Haydn Fleury.
10:00 of 3rd period - Slapshot by Joey Laleggia.
10:00 of 3rd period - Stopped by Malcolm Subban without a rebound.
10:01 of 3rd period - Bo Horvat wins face-off versus Andrew Shaw in Influenza zone.
10:26 of 3rd period - Neal Pionk is hit by Dylan McIlrath and loses puck.
10:31 of 3rd period - Wrist shot by James Sheppard.
10:31 of 3rd period - Stopped by Malcolm Subban with a rebound.
11:02 of 3rd period - Penalty to Tom Kuhnhackl is over, Tom Kuhnhackl is back on ice.
11:08 of 3rd period - Penalty to Julian Melchiori is over, Julian Melchiori is back on ice.
11:12 of 3rd period - Snap shot by Bo Horvat.
11:12 of 3rd period - Shot Blocked by Joey Laleggia.
11:48 of 3rd period - Wrist shot by Julian Melchiori.
11:48 of 3rd period - Stopped by Malcolm Subban with a rebound.
11:50 of 3rd period - Snap shot by Joey Laleggia.
11:50 of 3rd period - Shot Blocked by Tom Kuhnhackl.
11:52 of 3rd period - Wrist shot by Brad Ross.
11:52 of 3rd period - Shot Misses the Net.
11:54 of 3rd period - Slapshot by Cade Fairchild.
11:54 of 3rd period - Stopped by Malcolm Subban without a rebound.
11:55 of 3rd period - Ryan Dzingel wins face-off versus Ryan Bourque in Influenza zone.
12:06 of 3rd period - Snap shot by JT Compher.
12:06 of 3rd period - Shot Misses the Net.
12:08 of 3rd period - Wrist shot by JT Compher.
12:08 of 3rd period - Shot Misses the Net.
12:10 of 3rd period - Snap shot by Ryan Dzingel.
12:10 of 3rd period - Stopped by Leland Irving with a rebound.
12:16 of 3rd period - Minor Penalty to Ryan Bourque for Slashing.
12:17 of 3rd period - Andrew Shaw wins face-off versus Colton Sissons in Rafales zone.
13:04 of 3rd period - Tim Schaller is hit by Cade Fairchild and loses puck.
13:59 of 3rd period - Slapshot by Ryan Dzingel.
13:59 of 3rd period - Shot Blocked by Connor Murphy.
14:16 of 3rd period - Penalty to Ryan Bourque is over, Ryan Bourque is back on ice.
14:27 of 3rd period - Wrist shot by Neal Pionk.
14:27 of 3rd period - Stopped by Leland Irving with a rebound.
14:29 of 3rd period - Snap shot by Ryan Dzingel.
14:29 of 3rd period - Stopped by Leland Irving with a rebound.
14:31 of 3rd period - Slapshot by Neal Pionk.
14:31 of 3rd period - Stopped by Leland Irving with a rebound.
14:33 of 3rd period - Slapshot by Tim Erixon.
14:33 of 3rd period - Deflect By Ryan Dzingel.
14:33 of 3rd period - Shot Misses the Net.
14:33 of 3rd period - Puck is out of play.
14:34 of 3rd period - Andrew Shaw wins face-off versus Tom Kuhnhackl in Rafales zone.
14:42 of 3rd period - Minor Penalty to Shane Sims for Interference.
14:43 of 3rd period - Jayson Megna wins face-off versus Bo Horvat in Influenza zone.
14:52 of 3rd period - Jayson Megna is hit by Bo Horvat and loses puck.
16:38 of 3rd period - Haydn Fleury is hit by Joe Labate and loses puck.
16:42 of 3rd period - Penalty to Shane Sims is over, Shane Sims is back on ice.
16:57 of 3rd period - Gabriel Carlsson is hit by Justin Bailey.
17:25 of 3rd period - Wrist shot by Ryan Dzingel.
17:25 of 3rd period - Deflect By Tom Kuhnhackl.
17:25 of 3rd period - Shot Blocked by Joey Laleggia.
17:25 of 3rd period - Puck is out of play.
17:26 of 3rd period - Colton Sissons wins face-off versus Ryan Bourque in Rafales zone.
17:29 of 3rd period - Wrist shot by Tom Kuhnhackl.
17:29 of 3rd period - Stopped by Leland Irving with a rebound.
17:53 of 3rd period - Brett Pesce is hit by Dylan McIlrath and loses puck.
18:06 of 3rd period - Snap shot by Bo Horvat.
18:06 of 3rd period - Stopped by Leland Irving without a rebound.
18:07 of 3rd period - Jayson Megna wins face-off versus Bo Horvat in Rafales zone.
18:14 of 3rd period - Snap shot by Andrew Shaw.
18:14 of 3rd period - Deflect By James Sheppard.
18:14 of 3rd period - Stopped by Malcolm Subban without a rebound.
18:15 of 3rd period - Jayson Megna wins face-off versus Bo Horvat in Influenza zone.
18:22 of 3rd period - Wrist shot by James Sheppard.
18:22 of 3rd period - Shot Misses the Net.
18:46 of 3rd period - Snap shot by JT Compher.
18:46 of 3rd period - Shot Misses the Net.
19:30 of 3rd period - Wrist shot by Pavel Kraskovsky.
19:30 of 3rd period - Shot Misses the Net.
19:48 of 3rd period - Snap shot by Andrew Shaw.
19:48 of 3rd period - Stopped by Malcolm Subban with a rebound.
19:50 of 3rd period - Wrist shot by Connor Murphy.
19:50 of 3rd period - Deflect By Tom Kuhnhackl.
19:50 of 3rd period - Stopped by Malcolm Subban with a rebound.
Goals for this period are 0 for Influenza vs 1 for Rafales.
Shots for this period are 11 for Influenza vs 13 for Rafales.